 Dungeon Crawl Stone Soup version 0.23.0-3-gf3c87f2df8 (webtiles) character file.

Game seed: 12798518535520575219

122798 EnegeticOcto the Severer (level 16, 0/241 HPs)
             Began as a Minotaur Berserker on Feb 22, 2019.
             Was a High Priest of Trog.
             Slain by an entropy weaver (16 damage)
             ... on level 3 of the Spider Nest.
             The game lasted 00:33:36 (32476 turns).

EnegeticOcto the Severer (Minotaur Berserker)      Turns: 32476, Time: 00:33:37

Health: 0/241      AC: -3    Str: 29    XL:     16   Next: 35%
Magic:  15/15      EV: 18    Int:  8    God:    Trog [*****.]
Gold:   2471       SH:  0    Dex: 15    Spells: 15/15 levels left

rFire    . . .     SeeInvis .   E - +2 battleaxe (elec)
rCold    + + +     Gourm    .   (shield currently unavailable)
rNeg     + . .     Faith    .   i - +0 ice dragon scales "Siloast" {*Corrode rElec rF- rC++ Str+2 Dex+2 Stlth+} (curse)
rPois    +         Spirit   .   N - +1 hat
rElec    +         Reflect  .   A - +2 ratskin cloak {+Rats rPois rN+ Str-1 Int-1 Dex+1}
rCorr    .         Harm     .   l - +0 pair of gloves
MR       +++..                  Y - +2 pair of boots "Raofam" {rElec Int+5 Dex-4}
Stlth    ..........             (no amulet)
HPRegen  1.50/turn              K - ring of protection from cold
MPRegen  0.14/turn              q - ring of protection from fire

@: berserking, corroded, regenerating, very quick
A: retaliatory headbutt, horns 2
a: Berserk, Trog's Hand, Brothers in Arms, Renounce Religion, Evoke Ratskin


You were on level 3 of the Spider Nest.
You worshipped Trog.
Trog was extremely pleased with you.
You were very hungry.

You visited 4 branches of the dungeon, and saw 26 of its levels.
You also visited: Bailey and Ice Cave.

You collected 2471 gold pieces.

Inventory:

Hand Weapons
 E - a +2 battleaxe of electrocution (weapon)
Missiles
 F - 6 throwing nets (quivered) {!f}
Armour
 i - the cursed +0 ice dragon scales "Siloast" (worn) {*Corrode rElec rF- rC++ Str+2 Dex+2 Stlth+}
   (You found it in an ice cave)

   It affects your strength (+2).
   It affects your dexterity (+2).
   It makes you vulnerable to fire.
   It greatly protects you from cold.
   It insulates you from electricity.
   It may corrode you when you take damage.
   It makes you more stealthy.
   It has a curse placed upon it.
 l - a +0 pair of gloves (worn)
 A - the +2 ratskin cloak (worn) {+Rats rPois rN+ Str-1 Int-1 Dex+1}
   (You found it in a bailey)

   It affects your strength (-1).
   It affects your intelligence (-1).
   It affects your dexterity (+1).
   It protects you from poison.
   It protects you from negative energy.
 N - a +1 hat (worn)
 X - a scarf of cloud immunity
 Y - the +2 pair of boots "Raofam" (worn) {rElec Int+5 Dex-4}
   (You found it on level 6 of the Lair of Beasts)

   It affects your intelligence (+5).
   It affects your dexterity (-4).
   It insulates you from electricity.
Jewellery
 g - an uncursed ring of ice {unknown}
 p - an uncursed ring of fire {unknown}
 q - a ring of protection from fire (right hand)
 C - an uncursed amulet of regeneration {unknown}
 K - a ring of protection from cold (left hand)
Wands
 a - a wand of paralysis (11)
 n - a wand of enslavement (19)
 v - a wand of flame (32)
 B - a wand of digging (6)
 L - a wand of clouds (4)
 O - a wand of acid (14)
 S - a wand of polymorph (10)
 W - a wand of scattershot (3)
Scrolls
 b - a scroll of amnesia {unknown}
 e - a scroll of magic mapping {unknown}
 j - 2 scrolls of teleportation {unknown}
 k - a scroll of noise {unknown}
 w - 3 scrolls of brand weapon {unknown}
 y - 2 scrolls of identify {unknown}
Potions
 d - 2 potions of lignification {unknown}
 f - 2 potions of ambrosia {unknown}
 h - 6 potions of haste {unknown}
 m - 13 potions of curing {unknown}
 o - 9 potions of might {unknown}
 s - 8 potions of brilliance {unknown}
 t - 4 potions of mutation {unknown}
 u - a potion of magic {unknown}
 x - 3 potions of invisibility {unknown}
 z - 8 potions of degeneration {unknown}
 H - a potion of cancellation {unknown}
 I - 3 potions of resistance {unknown}
 Q - 2 potions of agility {unknown}
 T - a potion of berserk rage {unknown}
 U - a potion of flight {unknown}
Miscellaneous
 r - a lightning rod (4/4)
Comestibles
 c - 35 rations
 D - 2 chunks of flesh


   Skills:
 + Level 19.5 Fighting
 - Level 20.0 Axes
 - Level 14.3 Armour
 - Level 12.2 Dodging
   Level 2.8 Shields


You had 15 spell levels left.
You didn't know any spells.
Your spell library was empty.

Dungeon Overview and Level Annotations

Branches:
Dungeon (15/15)            Temple (0/1) D:7            Lair (6/6) D:11
 Shoals (0/4) Lair:4       Spider (3/4) Lair:3        Slime (0/5) Lair:6
    Orc (2/2) D:10            Elf (0/3) Orc:2        Vaults (0/5) D:14
 Depths (0/5) D:15

Altars:
Ashenzari
Makhleb
Ru
Yredelemnul
Zin
The Shining One

Shops:
D:10 *   D:12 *   Orc:2 ?*([:

Portals:
Hell: Lair:6

Annotations:
D:12 3 runed translucent doors, luab's ghost, journeyman GnTm
Lair:5 1 runed translucent door, exclusion: oklob plant, Nessos
Orc:1 1 runed translucent door, yrara's ghost, journeyman DsFi


Innate Abilities, Weirdness & Mutations

You reflexively headbutt those who attack you in melee.
You have a pair of horns on your head.


Message History

The entropy weaver hits you!
* * * LOW HITPOINT WARNING * * *
The entropy weaver hits you.
* * * LOW HITPOINT WARNING * * *
The jumping spider pounces on you!
* * * LOW HITPOINT WARNING * * *
The jumping spider bites you.
* * * LOW HITPOINT WARNING * * *
You hit the entropy weaver but do no damage.
The entropy weaver is severely wounded.
You hit the jumping spider but do no damage.
You closely miss the entropy weaver.
The entropy weaver is severely wounded.
You hit the jumping spider but do no damage.
The jumping spider misses you. You furiously retaliate!
You headbutt the jumping spider! The jumping spider barely misses you.
The entropy weaver hits you!
* * * LOW HITPOINT WARNING * * *
The entropy weaver hits you!
You die...

##....# .##..^#
##.....# ..#...#
##......###.....#
##.........#^....#
........^.....#...^.#
..............s.....#
..^.#^........#..!..#
^................s..#
.....#.........†@..^#
..#...........#..a..#
≈≈^...............#
≈≈.....##........#
...#......#..#
....#^.....#
...........#
.........^.#


You could see an entropy weaver, an orb spider and a jumping spider.

Vanquished Creatures
  Gastronok (D:10)
  Kirke (D:14)
  A ghost moth (Spider:2)
  An orc warlord (Orc:2)
  Louise (D:14)
  4 entropy weavers
  An ettin (D:14)
  2 fire dragons
  Erolcha (D:9)
  An ice dragon (D:14)
  Harold (D:10)
  2 centaur warriors (D:15)
  4 hydras
  2 catoblepae
  5 two-headed ogres
  2 tengu warriors
  3 orc high priests (Orc:2)
  Urug (D:10)
  8 skeletal warriors
  A deep troll (D:14)
  4 unseen horrors
  A wizard (Lair:6)
  8 orc knights
  Pikel (D:4)
  3 orb spiders
  A wolf spider zombie (D:15)
  9 wolf spiders
  4 ugly things
  6 cyclopes
  2 manticores
  11 deep elf magi
  A moth of wrath (Spider:1)
  A guardian serpent (shapeshifter) (D:12)
  Maurice (D:10)
  10 elephants
  3 ice statues (IceCv)
  5 spiny frogs
  2 orange demons (Lair:6)
  6 black mambas
  A gargoyle (D:14)
  2 torpor snails
  3 demonic crawlers
  An efreet (D:11)
  2 kobold demonologists (Bailey)
  A komodo dragon (shapeshifter) (D:13)
  7 rime drakes
  9 komodo dragons
  2 ice devils (Lair:6)
  A freezing wraith (D:15)
  A hellwing (Lair:6)
  7 trolls
  17 jumping spiders
  7 hornets
  Prince Ribbit (D:5)
  16 blink frogs
  8 dream sheep
  Grinder (D:5)
  8 hippogriffs
  12 slime creatures
  A spriggan (D:7)
  A meliai zombie (D:11)
  9 tarantellas
  2 vampires
  4 wyverns
  A centaur simulacrum (D:13)
  61 redbacks
  6 hogs (D:14)
  34 yaks
  3 basilisks
  2 steam dragons (D:7)
  2 hungry ghosts
  7 vampire mosquitoes
  3 wargs (Orc:2)
  Menkaure (D:4)
  A soldier ant (D:13)
  3 hell hounds (Lair:6)
  14 water moccasins
  7 porcupines
  11 ice beasts
  A hornet zombie (D:6)
  46 orc warriors
  2 phantoms
  5 sky beasts
  An eye of draining (D:10)
  13 ogres
  16 centaurs
  14 crocodiles
  2 big kobolds
  15 bullfrogs
  A wyvern zombie (D:13)
  8 scorpions
  12 killer bees
  3 howler monkeys (D:9)
  8 wights
  3 electric eels
  A quasit (D:13)
  8 crimson imps
  13 orc priests
  2 centaur zombies
  8 hounds
  A gnoll shaman (D:4)
  4 iguanas
  6 jellies
  3 centaur skeletons
  24 orc wizards
  Natasha (thrice) (D:4)
  11 worker ants
  A killer bee zombie (D:8)
  2 hound zombies
  Robin (D:4)
  2 worker ant zombies
  9 gnolls
  17 adders
  2 shadow imps
  An ooze (D:4)
  An adder zombie (D:9)
  5 worms
  3 dart slugs
  6 leopard geckos
  122 orcs
  11 bats
  5 giant cockroaches
  17 goblins
  18 hobgoblins
  7 jackals
  13 kobolds
  6 quokkas
  3 ball pythons (D:4)
  A frilled lizard (D:2)
  A quokka skeleton (D:8)
  10 rats
  10 fungi
  7 plants
917 creatures vanquished.

Vanquished Creatures (collateral kills)
  A sixfirhy (Lair:6)
  An orange demon (Lair:6)
  A hell hound (Lair:6)
3 creatures vanquished.

Vanquished Creatures (others)
  2 slaves (D:4)
  A worker ant (D:4)
  2 orcs (D:4)
  A bat (D:9)
  A giant cockroach (D:4)
  A jackal (D:4)
  A frilled lizard (D:4)
  15 fungi
  3 toadstools (Lair:5)
27 creatures vanquished.

Grand Total: 947 creatures vanquished

Notes
Turn   | Place    | Note
-------+----------+-------------------------------------------
     0 | D:1      | EnegeticOcto the Minotaur Berserker began the quest for the
                  | Orb.
     0 | D:1      | Reached XP level 1. HP: 19/19 MP: 0/0
   381 | D:1      | Reached XP level 2. HP: 27/27 MP: 1/1
   597 | D:1      | Reached skill level 4 in Axes
  1077 | D:2      | Reached XP level 3. HP: 30/33 MP: 2/2
  1676 | D:3      | Reached ** piety under Trog
  1676 | D:3      | Reached XP level 4. HP: 41/41 MP: 3/3
  2349 | D:3      | Found a faded altar of an unknown god.
  2475 | D:4      | Reached skill level 5 in Fighting
  2475 | D:4      | Reached skill level 5 in Axes
  2475 | D:4      | Reached XP level 5. HP: 47/48 MP: 4/4
  2484 | D:4      | Noticed Natasha
  2489 | D:4      | Killed Natasha
  2588 | D:4      | Noticed Robin
  2597 | D:4      | Killed Robin
  2614 | D:4      | HP: 1/48 [hobgoblin/+0 club[Robin] (6)]
  2636 | D:4      | Reached XP level 6. HP: 26/56 MP: 5/5
  2682 | D:4      | Noticed Pikel
  2717 | D:4      | Noticed a slave
  2717 | D:4      | Noticed a slave
  2723 | D:4      | Killed Pikel
  2723 | D:4      | Reached skill level 6 in Axes
  2723 | D:4      | Reached XP level 7. HP: 64/64 MP: 6/6
  2853 | D:4      | Noticed Natasha
  2864 | D:4      | Killed Natasha
  2864 | D:4      | Reached *** piety under Trog
  2864 | D:4      | Reached skill level 7 in Axes
  2977 | D:4      | Noticed Natasha
  2983 | D:4      | Killed Natasha
  3235 | D:4      | Reached XP level 8. HP: 62/73 MP: 7/7
  3384 | D:4      | Noticed Menkaure
  3391 | D:4      | Killed Menkaure
  4000 | D:5      | Entered Level 5 of the Dungeon
  4155 | D:5      | Reached skill level 8 in Axes
  4259 | D:5      | Noticed Grinder
  4275 | D:5      | Killed Grinder
  4284 | D:5      | Noticed Prince Ribbit
  4297 | D:5      | Killed Prince Ribbit
  4975 | D:6      | Reached XP level 9. HP: 82/82 MP: 8/8
  5190 | D:6      | Reached **** piety under Trog
  5252 | D:6      | Reached skill level 9 in Axes
  6177 | D:7      | Found a staircase to the Ecumenical Temple.
  6199 | D:7      | Reached skill level 5 in Dodging
  7138 | D:8      | Reached skill level 10 in Fighting
  7138 | D:8      | Reached skill level 10 in Axes
  7138 | D:8      | Reached XP level 10. HP: 88/93 MP: 9/9
  7392 | D:8      | Paralysed by an orc wizard for 5 turns
  7695 | D:8      | Found a glowing golden altar of the Shining One.
  7778 | D:8      | Found a basalt altar of Yredelemnul.
  7790 | D:8      | Found a shattered altar of Ashenzari.
  7854 | D:8      | Reached ***** piety under Trog
  8238 | D:8      | Reached skill level 10 in Armour
  8667 | D:9      | Noticed a fire dragon
  8685 | D:9      | Killed a fire dragon
  8989 | D:9      | Noticed Erolcha
  9000 | D:9      | Killed Erolcha
  9000 | D:9      | Reached skill level 11 in Axes
  9106 | D:9      | Received a gift from Trog
  9422 | D:9      | Found a burning altar of Makhleb.
  9545 | D:9      | Noticed a cyclops
  9559 | D:9      | Killed a cyclops
  9973 | D:10     | Entered Level 10 of the Dungeon
 10024 | D:10     | Killed an unseen horror
 10024 | D:10     | Reached XP level 11. HP: 71/102 MP: 10/10
 10172 | D:10     | Noticed Urug
 10183 | D:10     | Killed Urug
 10183 | D:10     | Reached skill level 12 in Axes
 10222 | D:10     | Found Boithoi's General Store.
 10228 | D:10     | Noticed Harold
 10248 | D:10     | Killed Harold
 10470 | D:10     | Found a staircase to the Orcish Mines.
 10540 | D:10     | Noticed Maurice
 10552 | D:10     | Noticed Gastronok
 10568 | D:10     | Killed Gastronok
 10571 | D:10     | Killed Maurice
 10869 | D:11     | Noticed a two-headed ogre
 10879 | D:11     | Killed a two-headed ogre
 10879 | D:11     | Reached skill level 13 in Axes
 11260 | D:11     | Received a gift from Trog
 11313 | D:11     | Reached XP level 12. HP: 108/112 MP: 11/11
 11454 | D:11     | Found a staircase to the Lair.
 11503 | D:11     | Noticed a two-headed ogre
 11513 | D:11     | Killed a two-headed ogre
 12237 | Lair:1   | Entered Level 1 of the Lair of Beasts
 12851 | Lair:1   | Reached skill level 14 in Axes
 13728 | Lair:2   | Reached skill level 10 in Dodging
 14501 | Lair:3   | Reached skill level 15 in Axes
 14816 | Lair:3   | Found a hole to the Spider Nest.
 14867 | Lair:3   | Noticed a catoblepas
 14873 | Lair:3   | Killed a catoblepas
 14873 | Lair:3   | Received a gift from Trog
 14873 | Lair:3   | Reached XP level 13. HP: 111/122 MP: 12/12
 15508 | Lair:4   | Found a staircase to the Shoals.
 16668 | Lair:4   | Found a glowing silver altar of Zin.
 17607 | Lair:5   | Reached skill level 16 in Axes
 17891 | Lair:5   | Noticed a dire elephant
 17891 | Lair:5   | Noticed Nessos
 17892 | Lair:5   | Found the +7 longbow "Piercer" {penet, EV-2}
 17911 | Lair:5   | Found a runed translucent door.
 18509 | Lair:6   | Entered Level 6 of the Lair of Beasts
 19309 | Lair:6   | Found a staircase to the Slime Pits.
 19478 | Lair:6   | Got a pair of crude boots
 19522 | Lair:6   | Identified the +2 pair of boots "Raofam" {rElec Int+5
                  | Dex-4} (You found it on level 6 of the Lair of Beasts)
 19921 | Lair:6   | Paralysed by a wizard for 4 turns
 19928 | Lair:6   | Received a gift from Trog
 19934 | Lair:6   | Found a burning altar of Makhleb.
 19961 | Lair:6   | Found a gateway to Hell.
 19973 | Lair:6   | Got a smoking cloak
 19985 | Lair:6   | Identified the -5 cloak of the Dragon {Str+5} (You found it
                  | on level 6 of the Lair of Beasts)
 20647 | Orc:1    | Entered Level 1 of the Orcish Mines
 20688 | Orc:1    | Reached XP level 14. HP: 119/132 MP: 13/13
 21161 | Orc:1    | Found a runed translucent door.
 21165 | Orc:1    | Noticed yrara's ghost (journeyman DsFi)
 21225 | Orc:2    | Entered Level 2 of the Orcish Mines
 21232 | Orc:2    | Found a staircase to the Elven Halls.
 21242 | Orc:2    | Reached skill level 17 in Axes
 21253 | Orc:2    | Received a gift from Trog
 21406 | Orc:2    | Found Fyshudown's General Store.
 21535 | Orc:2    | Found Suapni's Magic Scroll Boutique.
 21598 | Orc:2    | Found Xogebby's Antique Armour Boutique.
 21616 | Orc:2    | Noticed an orc warlord
 21633 | Orc:2    | Killed an orc warlord
 21870 | Orc:2    | Found Pigy's Book Shop.
 21981 | Orc:2    | Found Kiseniu's Antique Weapon Boutique.
 22197 | Orc:2    | Received a gift from Trog
 22248 | Orc:2    | Got a fine war axe {god gift}
 22249 | Orc:2    | Identified the +6 war axe "Wufestig" {chop, rElec rPois
                  | rF+} (Trog gifted it to you on level 2 of the Orcish Mines)
 23360 | D:12     | Found a flagged portal.
 23364 | D:12     | Reached skill level 1 in Shields
 23379 | Bailey   | Entered a bailey
 23409 | Bailey   | Found the +2 ratskin cloak {+Rats rPois rN+ Str-1 Int-1
                  | Dex+1}
 23409 | Bailey   | Found an iron altar of Okawaru.
 24184 | D:12     | Found Sowunkij's General Store.
 24333 | D:12     | Reached skill level 15 in Fighting
 24413 | D:12     | Found a runed translucent gate.
 24413 | D:12     | Found a runed translucent gate.
 24413 | D:12     | Found a runed translucent gate.
 24413 | D:12     | Noticed luab's ghost (journeyman GnTm)
 24548 | D:12     | Received a gift from Trog
 24551 | D:12     | Reached skill level 18 in Axes
 25530 | D:13     | Found a frozen archway.
 25533 | D:13     | Reached XP level 15. HP: 143/143 MP: 14/14
 25572 | IceCv    | Entered an ice cave
 25723 | IceCv    | Got slimy ice dragon scales
 25809 | D:13     | Identified the cursed +0 ice dragon scales "Siloast"
                  | {*Corrode rElec rF- rC++ Str+2 Dex+2 Stlth+} (You found it
                  | in an ice cave)
 26760 | D:14     | Found a sacrificial altar of Ru.
 26873 | D:14     | Noticed Kirke
 26894 | D:14     | Killed Kirke
 26894 | D:14     | Received a gift from Trog
 26959 | D:14     | Noticed Louise
 26964 | D:14     | Reached skill level 19 in Axes
 26979 | D:14     | Killed Louise
 27394 | D:14     | Found a gate to the Vaults.
 27533 | D:15     | Entered Level 15 of the Dungeon
 28901 | D:15     | Found a staircase to the Depths.
 29305 | Spider:1 | Entered Level 1 of the Spider Nest
 29316 | Spider:1 | Received a gift from Trog
 29958 | Spider:1 | Reached skill level 20 in Axes
 30747 | Spider:2 | Reached XP level 16. HP: 148/157 MP: 15/15
 30770 | Spider:2 | Received a gift from Trog
 32413 | Spider:3 | Received a gift from Trog
 32476 | Spider:3 | Slain by an entropy weaver

Skill      XL: |  1  2  3  4  5  6  7  8  9 10 11 12 13 14 15 16 |
---------------+-------------------------------------------------+-----
Fighting       | 4 5 6 7 8 10 11 12 13 14 15 18 19 | 19.5
Axes           | 4 5 6 7 8 10 11 13 15 16 18 20 | 20.0
Armour         | 3 4 6 8 9 10 11 12 13 14 | 14.3
Dodging        | 3 5 7 9 10 11 12 | 12.2
Shields        | 2 |  2.8

Action                   |  1- 3 |  4- 6 |  7- 9 | 10-12 | 13-15 | 16-18 || total
-------------------------+-------+-------+-------+-------+-------+-------++-------
Melee: Hand axe          |    61 |   114 |   391 |    26 |       |       ||   592
       Headbutt          |     9 |    30 |    89 |   111 |   228 |    26 ||   493
       Battleaxe         |       |       |       |   439 |  1039 |   136 ||  1614
       War axe           |       |       |       |       |    68 |       ||    68
       Unarmed           |       |       |       |       |    10 |       ||    10
Invok: Trog's Hand       |       |     2 |     3 |     5 |    11 |     3 ||    24
       Berserk           |       |     2 |     6 |     8 |    13 |     4 ||    33
       Brothers in Arms  |       |       |       |       |     1 |       ||     1
Evoke: Wand              |       |       |       |       |    10 |     2 ||    12
 Stab: Sleeping          |     2 |       |       |       |       |       ||     2
       Distracted        |       |       |       |     1 |       |       ||     1
       Paralysed         |       |       |       |       |       |     4 ||     4
  Eat: Chunk             |     2 |     5 |    19 |    26 |    49 |       ||   101
       Ration            |       |       |     3 |     2 |     8 |     1 ||    14
Armor: Animal skin       |    16 |       |       |       |       |       ||    16
       Plate armour      |    11 |    58 |   190 |   240 |   416 |       ||   915
       Ice dragon scales |       |       |       |       |   207 |    84 ||   291
Dodge: Dodged            |    53 |    50 |   116 |   280 |   669 |   149 ||  1317
Block: Shield            |       |       |       |       |    14 |       ||    14
